%YAML 1.1
%TAG !u! tag:unity3d.com,2011:
--- !u!1 &2098419882519348490
GameObject:
  m_ObjectHideFlags: 0
  m_CorrespondingSourceObject: {fileID: 0}
  m_PrefabInstance: {fileID: 0}
  m_PrefabAsset: {fileID: 0}
  serializedVersion: 6
  m_Component:
  - component: {fileID: 2098419882519348467}
  - component: {fileID: 2098419882519348466}
  - component: {fileID: 2098419882519348469}
  - component: {fileID: 2098419882519348468}
  - component: {fileID: 2098419882519348471}
  - component: {fileID: 2098419882519348470}
  - component: {fileID: 2098419882519348489}
  - component: {fileID: 2098419882519348464}
  m_Layer: 6
  m_Name: Wendy
  m_TagString: Player
  m_Icon: {fileID: 0}
  m_NavMeshLayer: 0
  m_StaticEditorFlags: 0
  m_IsActive: 1
--- !u!4 &2098419882519348467
Transform:
  m_ObjectHideFlags: 0
  m_CorrespondingSourceObject: {fileID: 0}
  m_PrefabInstance: {fileID: 0}
  m_PrefabAsset: {fileID: 0}
  m_GameObject: {fileID: 2098419882519348490}
  m_LocalRotation: {x: 0, y: 0, z: 0, w: 1}
  m_LocalPosition: {x: 4.19, y: -0.17, z: 0}
  m_LocalScale: {x: 1, y: 1, z: 1}
  m_ConstrainProportionsScale: 0
  m_Children:
  - {fileID: 6644064440866568649}
  m_Father: {fileID: 0}
  m_RootOrder: 0
  m_LocalEulerAnglesHint: {x: 0, y: 0, z: 0}
--- !u!212 &2098419882519348466
SpriteRenderer:
  m_ObjectHideFlags: 0
  m_CorrespondingSourceObject: {fileID: 0}
  m_PrefabInstance: {fileID: 0}
  m_PrefabAsset: {fileID: 0}
  m_GameObject: {fileID: 2098419882519348490}
  m_Enabled: 1
  m_CastShadows: 0
  m_ReceiveShadows: 0
  m_DynamicOccludee: 1
  m_StaticShadowCaster: 0
  m_MotionVectors: 1
  m_LightProbeUsage: 1
  m_ReflectionProbeUsage: 1
  m_RayTracingMode: 0
  m_RayTraceProcedural: 0
  m_RenderingLayerMask: 1
  m_RendererPriority: 0
  m_Materials:
  - {fileID: 10754, guid: 0000000000000000f000000000000000, type: 0}
  m_StaticBatchInfo:
    firstSubMesh: 0
    subMeshCount: 0
  m_StaticBatchRoot: {fileID: 0}
  m_ProbeAnchor: {fileID: 0}
  m_LightProbeVolumeOverride: {fileID: 0}
  m_ScaleInLightmap: 1
  m_ReceiveGI: 1
  m_PreserveUVs: 0
  m_IgnoreNormalsForChartDetection: 0
  m_ImportantGI: 0
  m_StitchLightmapSeams: 1
  m_SelectedEditorRenderState: 0
  m_MinimumChartSize: 4
  m_AutoUVMaxDistance: 0.5
  m_AutoUVMaxAngle: 89
  m_LightmapParameters: {fileID: 0}
  m_SortingLayerID: 0
  m_SortingLayer: 0
  m_SortingOrder: 3
  m_Sprite: {fileID: -15598129, guid: 5814e954822095c42b4ba786f0e2ed5d, type: 3}
  m_Color: {r: 1, g: 1, b: 1, a: 1}
  m_FlipX: 0
  m_FlipY: 0
  m_DrawMode: 0
  m_Size: {x: 8.3125, y: 13.25}
  m_AdaptiveModeThreshold: 0.5
  m_SpriteTileMode: 0
  m_WasSpriteAssigned: 1
  m_MaskInteraction: 0
  m_SpriteSortPoint: 0
--- !u!50 &2098419882519348469
Rigidbody2D:
  serializedVersion: 4
  m_ObjectHideFlags: 0
  m_CorrespondingSourceObject: {fileID: 0}
  m_PrefabInstance: {fileID: 0}
  m_PrefabAsset: {fileID: 0}
  m_GameObject: {fileID: 2098419882519348490}
  m_BodyType: 0
  m_Simulated: 1
  m_UseFullKinematicContacts: 0
  m_UseAutoMass: 0
  m_Mass: 1
  m_LinearDrag: 0
  m_AngularDrag: 0.05
  m_GravityScale: 0
  m_Material: {fileID: 0}
  m_Interpolate: 0
  m_SleepingMode: 1
  m_CollisionDetection: 0
  m_Constraints: 4
--- !u!61 &2098419882519348468
BoxCollider2D:
  m_ObjectHideFlags: 0
  m_CorrespondingSourceObject: {fileID: 0}
  m_PrefabInstance: {fileID: 0}
  m_PrefabAsset: {fileID: 0}
  m_GameObject: {fileID: 2098419882519348490}
  m_Enabled: 1
  m_Density: 1
  m_Material: {fileID: 0}
  m_IsTrigger: 0
  m_UsedByEffector: 0
  m_UsedByComposite: 0
  m_Offset: {x: -0.0037915707, y: 0.9016176}
  m_SpriteTilingProperty:
    border: {x: 0, y: 0, z: 0, w: 0}
    pivot: {x: 0.5, y: 0}
    oldSize: {x: 1.26, y: 1.85}
    newSize: {x: 8.3125, y: 13.25}
    adaptiveTilingThreshold: 0.5
    drawMode: 0
    adaptiveTiling: 0
  m_AutoTiling: 0
  serializedVersion: 2
  m_Size: {x: 1.2329297, y: 1.7639643}
  m_EdgeRadius: 0
--- !u!114 &2098419882519348471
MonoBehaviour:
  m_ObjectHideFlags: 0
  m_CorrespondingSourceObject: {fileID: 0}
  m_PrefabInstance: {fileID: 0}
  m_PrefabAsset: {fileID: 0}
  m_GameObject: {fileID: 2098419882519348490}
  m_Enabled: 1
  m_EditorHideFlags: 0
  m_Script: {fileID: 11500000, guid: 4dc43be3978909a49bdc6cfd05972549, type: 3}
  m_Name: 
  m_EditorClassIdentifier: 
  DamageAvailable: 1
  _loseControleTime: 0.5
  colorToTurnTo: {r: 0.8207547, g: 0.07355818, b: 0.07355818, a: 1}
  colorToTurnTo2: {r: 1, g: 1, b: 1, a: 1}
--- !u!114 &2098419882519348470
MonoBehaviour:
  m_ObjectHideFlags: 0
  m_CorrespondingSourceObject: {fileID: 0}
  m_PrefabInstance: {fileID: 0}
  m_PrefabAsset: {fileID: 0}
  m_GameObject: {fileID: 2098419882519348490}
  m_Enabled: 1
  m_EditorHideFlags: 0
  m_Script: {fileID: 11500000, guid: f2f02956eca89e646883ab94b7dd5c3b, type: 3}
  m_Name: 
  m_EditorClassIdentifier: 
  rotationOffset: 0
  TrailRenderer: {fileID: 8496865780159259895}
  _dashSpeed: 25
  _dashTime: 0.25
  _dashAvailable: 1
  _moveAvailable: 1
  _reboundVelocity: {x: 4, y: 4}
--- !u!114 &2098419882519348489
MonoBehaviour:
  m_ObjectHideFlags: 0
  m_CorrespondingSourceObject: {fileID: 0}
  m_PrefabInstance: {fileID: 0}
  m_PrefabAsset: {fileID: 0}
  m_GameObject: {fileID: 2098419882519348490}
  m_Enabled: 1
  m_EditorHideFlags: 0
  m_Script: {fileID: 11500000, guid: 2ec8c13828ab8374eb090c3f05d34994, type: 3}
  m_Name: 
  m_EditorClassIdentifier: 
  CharacterName: Wendy
  speed: 5
  rotationSpeed: 5
  MaxLife: 10
  Life: 10
--- !u!95 &2098419882519348464
Animator:
  serializedVersion: 5
  m_ObjectHideFlags: 0
  m_CorrespondingSourceObject: {fileID: 0}
  m_PrefabInstance: {fileID: 0}
  m_PrefabAsset: {fileID: 0}
  m_GameObject: {fileID: 2098419882519348490}
  m_Enabled: 1
  m_Avatar: {fileID: 0}
  m_Controller: {fileID: 9100000, guid: 0c37422345e1e824ebcb6e21b375d8d0, type: 2}
  m_CullingMode: 0
  m_UpdateMode: 0
  m_ApplyRootMotion: 0
  m_LinearVelocityBlending: 0
  m_StabilizeFeet: 0
  m_WarningMessage: 
  m_HasTransformHierarchy: 1
  m_AllowConstantClipSamplingOptimization: 1
  m_KeepAnimatorStateOnDisable: 0
--- !u!1001 &2817102423350413205
PrefabInstance:
  m_ObjectHideFlags: 0
  serializedVersion: 2
  m_Modification:
    m_TransformParent: {fileID: 2098419882519348467}
    m_Modifications:
    - target: {fileID: 4145528023519464399, guid: 08f59d71d1322fd49b8c897456fef51b, type: 3}
      propertyPath: m_Name
      value: Trail
      objectReference: {fileID: 0}
    - target: {fileID: 5977039572597547874, guid: 08f59d71d1322fd49b8c897456fef51b, type: 3}
      propertyPath: m_Parameters.colorGradient.key0.b
      value: 0.8941177
      objectReference: {fileID: 0}
    - target: {fileID: 5977039572597547874, guid: 08f59d71d1322fd49b8c897456fef51b, type: 3}
      propertyPath: m_Parameters.colorGradient.key0.g
      value: 0.48627454
      objectReference: {fileID: 0}
    - target: {fileID: 5977039572597547874, guid: 08f59d71d1322fd49b8c897456fef51b, type: 3}
      propertyPath: m_Parameters.colorGradient.key0.r
      value: 1
      objectReference: {fileID: 0}
    - target: {fileID: 8875520446344625756, guid: 08f59d71d1322fd49b8c897456fef51b, type: 3}
      propertyPath: m_RootOrder
      value: 0
      objectReference: {fileID: 0}
    - target: {fileID: 8875520446344625756, guid: 08f59d71d1322fd49b8c897456fef51b, type: 3}
      propertyPath: m_LocalPosition.x
      value: -0.055
      objectReference: {fileID: 0}
    - target: {fileID: 8875520446344625756, guid: 08f59d71d1322fd49b8c897456fef51b, type: 3}
      propertyPath: m_LocalPosition.y
      value: 0.289
      objectReference: {fileID: 0}
    - target: {fileID: 8875520446344625756, guid: 08f59d71d1322fd49b8c897456fef51b, type: 3}
      propertyPath: m_LocalPosition.z
      value: 0
      objectReference: {fileID: 0}
    - target: {fileID: 8875520446344625756, guid: 08f59d71d1322fd49b8c897456fef51b, type: 3}
      propertyPath: m_LocalRotation.w
      value: 1
      objectReference: {fileID: 0}
    - target: {fileID: 8875520446344625756, guid: 08f59d71d1322fd49b8c897456fef51b, type: 3}
      propertyPath: m_LocalRotation.x
      value: 0
      objectReference: {fileID: 0}
    - target: {fileID: 8875520446344625756, guid: 08f59d71d1322fd49b8c897456fef51b, type: 3}
      propertyPath: m_LocalRotation.y
      value: 0
      objectReference: {fileID: 0}
    - target: {fileID: 8875520446344625756, guid: 08f59d71d1322fd49b8c897456fef51b, type: 3}
      propertyPath: m_LocalRotation.z
      value: 0
      objectReference: {fileID: 0}
    - target: {fileID: 8875520446344625756, guid: 08f59d71d1322fd49b8c897456fef51b, type: 3}
      propertyPath: m_LocalEulerAnglesHint.x
      value: 0
      objectReference: {fileID: 0}
    - target: {fileID: 8875520446344625756, guid: 08f59d71d1322fd49b8c897456fef51b, type: 3}
      propertyPath: m_LocalEulerAnglesHint.y
      value: 0
      objectReference: {fileID: 0}
    - target: {fileID: 8875520446344625756, guid: 08f59d71d1322fd49b8c897456fef51b, type: 3}
      propertyPath: m_LocalEulerAnglesHint.z
      value: 0
      objectReference: {fileID: 0}
    m_RemovedComponents: []
  m_SourcePrefab: {fileID: 100100000, guid: 08f59d71d1322fd49b8c897456fef51b, type: 3}
--- !u!4 &6644064440866568649 stripped
Transform:
  m_CorrespondingSourceObject: {fileID: 8875520446344625756, guid: 08f59d71d1322fd49b8c897456fef51b, type: 3}
  m_PrefabInstance: {fileID: 2817102423350413205}
  m_PrefabAsset: {fileID: 0}
--- !u!96 &8496865780159259895 stripped
TrailRenderer:
  m_CorrespondingSourceObject: {fileID: 5977039572597547874, guid: 08f59d71d1322fd49b8c897456fef51b, type: 3}
  m_PrefabInstance: {fileID: 2817102423350413205}
  m_PrefabAsset: {fileID: 0}
